 Dungeon Crawl Stone Soup version 0.15.0-14-g6bbbb5c (webtiles) character file.

334 Patate the Skirmisher (level 6, -17/40 HPs)
             Began as a Gargoyle Fighter on Sept 3, 2014.
             Demolished by an ogre
             ... wielding a +0 giant club
              (21 damage)
             ... on Level 4 of the Dungeon.
             The game lasted 00:14:31 (3966 turns).

Patate the Skirmisher (Gargoyle Fighter)            Turns: 3966, Time: 00:14:32

HP -17/40        AC 12     Str 21      XL: 6   Next: 53%
MP   6/6         EV  5     Int  9      God:
Gold 234         SH  9     Dex  9      Spells:  0 memorised,  5 levels left

rFire  . . .     SeeInvis .     a - +0 flail
rCold  . . .     Clarity  .     q - +0 chain mail (curse)
rNeg   + . .     rCorr    .     c - +0 shield
rPois  +         rRot     +     (no helmet)
rElec  +         Spirit   .     (no cloak)
SustAb .         Warding  .     (no gloves)
rMut   .         Stasis   .     m - +0 pair of boots
Gourm  .                        (no amulet)
MR     .....                    (no ring)
                                (no ring)

@: not resistant to hostile enchantments, extremely unstealthy
A: molten scales 1, deformed body, negative energy resistance 1, electricity
resistance, unbreathing, petrification resistance, rot immunity, forlorn, AC +4
a: no special abilities


You were on level 4 of the Dungeon.
You were not hungry.

You visited 1 branch of the dungeon, and saw 4 of its levels.

You collected 234 gold pieces.

Inventory:

Hand weapons
 a - a +0 flail (weapon)
Armour
 c - a +0 shield (worn)
 m - a +0 pair of boots (worn)
 q - a cursed +0 chain mail (worn)
Magical devices
 r - a wand of random effects (9) {unknown}
 u - a wand of digging (14) {unknown}
Comestibles
 b - 2 chunks of hobgoblin flesh
 d - 3 bread rations
 h - 3 meat rations
 k - 2 slices of pizza
 n - a chunk of goblin flesh
 p - 7 fruits
Scrolls
 f - a scroll of blinking {unknown}
 i - a scroll of immolation {unknown}
 l - 2 scrolls of teleportation {unknown}
 o - a scroll of enchant armour {unknown}
 v - a scroll of recharging {unknown}
Potions
 e - 2 potions of might
 g - a potion of heal wounds
 j - 2 potions of haste
 t - a potion of curing


   Skills:
 * Level 5.6 Fighting
 + Level 4.1 Maces & Flails
 + Level 4.8 Armour
 - Level 3.2 Shields


You had 5 spell levels left.
You didn't know any spells.

Dungeon Overview and Level Annotations

Branches:
Dungeon (4/15)
 Temple: D:4-7

Altars:
Sif Muna
Vehumet
Xom


Innate Abilities, Weirdness & Mutations

You are resistant to torment.
You are immune to poison.
Your stone body is very resilient (AC +4).
You resist negative energy.
You are resistant to electric shocks.
You can survive without breathing.
You are immune to petrification.
You are immune to rotting.
You are partially covered in molten scales (AC +1).
Armour fits poorly on your strangely shaped body.
You have difficulty communicating with the divine.


Message History

You block the ogre's attack.
You sock the ogre!
The ogre is almost dead.
You hit the ogre.
The ogre is almost dead.
The ogre barely misses you.
You closely miss the ogre.
The ogre is almost dead.
The ogre hits you with a giant club!
Huge Dmg: -25%(-10hp) hp: 53%(21hp)
You barely miss the ogre.
The ogre is almost dead.
The ogre hits you with a giant club!
* * * LOW HITPOINT WARNING * * *
Huge Dmg: -43%(-17hp) hp: 10%(4hp)
You hit the ogre but do no damage.
The ogre is almost dead.
The ogre hits you with a giant club!!
Ouch! That really hurt!
You die...

...##########
#<....###.#.. ...
#.###..##.#.. .
########.####.##.#..
...........>.........
######...#####.#....
#.### #...#.. #.#
###.##. #####.# #.##.
#.@)..# #.##. #O#####
####.##. #..
#........ ...#
.###.### ##.. #.###
#.. #<.## #. ##... ..
#### .


You could see an ogre.

Vanquished Creatures
  An iguana (D:3)
  An orc priest (D:4)
  An orc wizard (D:3)
  A worker ant (D:3)
  Jessica (D:3)
  Terence (D:2)
  5 gnolls (D:2)
  5 adders
  A shadow imp (D:3)
  3 worms
  An ooze (D:1)
  12 orcs
  11 hobgoblins
  5 kobolds
  8 bats
  2 giant cockroaches
  2 giant geckos (D:2)
  3 giant newts
  5 goblins
  9 jackals
  2 rats
80 creatures vanquished.

Notes
Turn   | Place    | Note
--------------------------------------------------------------
     0 | D:1      | Patate, the Gargoyle Fighter, began the quest for the Orb.
     0 | D:1      | Reached XP level 1. HP: 14/14 MP: 1/1
   294 | D:1      | Reached XP level 2. HP: 19/19 MP: 2/2
  1175 | D:2      | Noticed Terence
  1192 | D:2      | Killed Terence
  1192 | D:2      | Reached XP level 3. HP: 19/24 MP: 3/3
  1248 | D:2      | Upgraded the game from 0.15.0-13-gb296d5c to 0.15.0-14-g6bbbb5c
  1299 | D:2      | Reached skill level 4 in Fighting
  1299 | D:2      | Reached XP level 4. HP: 20/29 MP: 4/4
  1393 | D:2      | Found a deep blue altar of Sif Muna.
  1930 | D:2      | Reached XP level 5. HP: 32/34 MP: 5/5
  2865 | D:3      | Noticed Jessica
  2867 | D:3      | Found a radiant altar of Vehumet.
  2883 | D:3      | Killed Jessica
  2883 | D:3      | Reached skill level 5 in Fighting
  3079 | D:3      | Reached XP level 6. HP: 16/40 MP: 6/6
  3324 | D:4      | Noticed an ogre
  3870 | D:4      | Found a shimmering altar of Xom.
  3893 | D:4      | Gained mutation: You are partially covered in molten scales (AC +1). [potion of mutation]
  3893 | D:4      | Gained mutation: You have difficulty communicating with the divine. [potion of mutation]
  3893 | D:4      | Gained mutation: Armour fits poorly on your strangely shaped body. [potion of mutation]
  3966 | D:4      | Demolished by an ogre

Action                   |  1- 3 |  4- 6 || total
-------------------------+-------+-------++-------
Melee: Flail             |   144 |   226 ||   370
  Use: Potion            |       |     6 ||     6
  Eat: Chunk             |     1 |     9 ||    10
